Cogmind - Beta 15 @@@ ROGUE MODE // 2025.05.15 @ 20:56:06 Player: MoYuYu Result: Destroyed by H-88 Terminator with Heavy Machine Gun Performance ------------- Evolutions (9) 4500 Regions Visited (10) 2000 Robots Destroyed (101) 505 Value Destroyed (3346) 3346 Prototype IDs (13) 260 Alien Tech Used (0) 0 Bonus (0) 0 TOTAL SCORE: 10611 Bonus ------- None Cogmind --------- Core Integrity 0/1600 Matter 286/300 Energy 98/100 System Corruption 0% Temperature Cool (18) Movement Core (50) Location -1/Access Parts ------- > --- POWER (2) -------- (None) > --- PROPULSION (7) --- (None) > --- UTILITY (14) ----- Advanced Signal Interpreter Improved Melee Analysis Suite Advanced System Shield > --- WEAPON (2) ------- (None) > --- INVENTORY (5) ---- Light Ion Engine Long-range Sensor Array Heavy Dispersion Rifle Heavy Plasma Cannon Peak State ------------ > --- POWER ------------ Micro Fission Core Light Particle Reactor > --- PROPULSION ------- Improved Antigrav System Cooled Linear Gravjet Combat Linear Gravjet Combat Linear Gravjet Q-thruster Impulse Thruster Array > --- UTILITY ---------- Advanced Heat Sink Medium Storage Unit Structural Scanner Spectral Analyzer Long-range Sensor Array Advanced Signal Interpreter Improved Melee Analysis Suite Improved Weapon Shielding Hacking Suite Improved System Shield Advanced System Shield System Guard > --- WEAPON ----------- Molecular Scythe Molecular Scythe > --- INVENTORY -------- Light Angular Momentum Engine Light Particle Reactor Field Propulsion Array Impulse Thruster Array Advanced Heat Sink Heavy Dispersion Rifle Heavy Plasma Cannon Heavy Rocket Launcher [Rating: 149] Favorites ----------- Power Light Nuclear Core Engine Light Ion Engine Power Core Light Nuclear Core Reactor Micro Antimatter Reactor Propulsion Centrium Wheel Treads Biometal Medium Treads Leg Aluminum Leg Wheel Centrium Wheel Hover Unit Improved Antigrav System Flight Unit Xenon Bombardment Thruster Utility Medium Storage Unit Device Structural Scanner Storage Medium Storage Unit Processor Improved Signal Interpreter Hackware Hacking Suite Protection Improved Weapon Shielding Weapon Molecular Scythe Energy Gun Heavy Particle Gun Energy Cannon Particle Cannon Ballistic Gun KE Penetrator Launcher Heavy Rocket Launcher Slashing Weapon Molecular Scythe Build | -11 -10 -9 -8 -7 -6 -5 -4 -3 -2 -1 ------- Run | Yrd Mat Mat Mat Fac Fac Fac Fac Res Res Acc Slots Evolved 18 | . . 2 2 2 2 2 2 2 2 2 Power 1 | . . . . . 1 . . . . . Propulsion 5 | . . 1 1 . 1 . 1 1 . . Utility 12 | . . 1 1 2 . 2 1 1 2 2 Weapon . | . . . . . . . . . . . Parts Attached 139 | 5 7 18 14 10 13 18 15 24 14 1 Power 24 | 1 1 3 2 1 4 1 2 5 3 1 Engine 10 | 1 1 3 2 1 . . . . 1 1 Core 7 | . . . . . 4 1 1 1 . . Reactor 7 | . . . . . . . 1 4 2 . Propulsion 56 | 2 1 8 5 4 5 6 7 9 9 . Treads 5 | . . 2 1 . . . . 2 . . Leg 13 | 2 1 6 4 . . . . . . . Wheel 5 | . . . . . . . 5 . . . Hover 13 | . . . . . . . 1 6 6 . Flight 20 | . . . . 4 5 6 1 1 3 . Utility 39 | . 3 3 4 4 4 10 5 5 1 . Device 16 | . . 2 2 1 2 4 3 2 . . Storage 3 | . 2 . . . . . . 1 . . Processor 11 | . 1 . 1 2 1 2 2 1 1 . Hackware 4 | . . . . 1 . 3 . . . . Protection 5 | . . 1 1 . 1 1 . 1 . . Artifact . | . . . . . . . . . . . Weapon 20 | 2 2 4 3 1 . 1 1 5 1 . Energy Gun 9 | 1 2 3 2 . . . . 1 . . Energy Cannon 2 | . . 1 . . . 1 . . . . Ballistic Gun 2 | 1 . . . . . . 1 . . . Ballistic Cannon . | . . . . . . . . . . . Launcher 2 | . . . 1 . . . . . 1 . Special Weapon . | . . . . . . . . . . . Impact Weapon . | . . . . . . . . . . . Slashing Weapon 5 | . . . . 1 . . . 4 . . Piercing Weapon . | . . . . . . . . . . . Special Melee Weapon . | . . . . . . . . . . . Unidentified Prototypes 13 | . . 4 1 . 2 1 . 4 1 . Parts Lost 49 | . 3 6 1 . 2 10 2 2 17 6 Power 8 | . 1 1 . . . 1 . . 5 . Propulsion 19 | . . 2 1 . 1 5 2 1 5 2 Utility 16 | . . 2 . . 1 4 . 1 5 3 Weapon 6 | . 2 1 . . . . . . 2 1 Highest Loss Streak 11 | . 3 4 1 . 1 5 2 2 11 6 To Critical Strikes 1 | . . . . . . . 1 . . . Average Backups 8 | 3 7 9 9 8 8 7 8 9 7 2 Power 1 | . . 1 2 2 1 1 1 1 1 . Propulsion 2 | 1 5 5 3 . . . . 1 1 . Utility 2 | . . 3 2 3 4 3 4 2 . . Weapon 2 | . 1 . 1 2 2 2 3 3 3 2 Tool/Special . | . . . . . . . . . . . Unused Backups 16 | . 1 3 6 3 . . . 2 1 . Power 1 | . . . 1 . . . . . . . Propulsion 8 | . 1 2 3 1 . . . . 1 . Utility 7 | . . 1 2 2 . . . 2 . . Weapon . | . . . . . . . . . . . Tool/Special . | . . . . . . . . . . . Average Slot Usage (%) 91 | . 95 97 96 90 91 88 89 96 87 32 Engine 4 | . 12 10 9 7 8 . . . . . Core 2 | . . . . . 4 8 4 3 3 . Reactor 1 | . . . . . . . 1 5 3 . Treads 3 | . . 3 18 . . . . 4 . . Leg 7 | . 28 28 14 . . . . . . . Wheel 4 | . . . . . . . 14 14 . . Hover 3 | . . . . . . . . 7 19 3 Flight 10 | . . . . 29 32 26 13 3 5 2 Device 8 | . . 3 9 11 9 9 9 10 11 5 Storage 6 | . 14 11 9 7 6 5 5 4 3 . Processor 13 | . 11 11 9 17 15 12 15 14 14 11 Hackware 7 | . . . . 6 6 11 16 14 12 7 Protection 2 | . . 6 8 . . 3 . 2 3 . Energy Gun 5 | . 19 19 12 1 . . . . . 2 Slashing Weapon 4 | . . . . 6 6 5 4 7 7 . Peak Build Rating 149 | 5 8 21 27 43 55 72 94 134 149 70 Average Rating 62 | 3 6 17 25 40 49 62 75 120 130 52 On Entrance 44 | . 5 8 19 27 41 54 54 94 130 55 Naked Turns . | . . . . . . . . . . . Heaviest Build 50 | 8 17 29 34 24 27 30 37 50 49 13 Greatest Support 80 | 20 20 44 44 24 30 31 80 72 75 16 Greatest Overweight (x) 4 | . . 2 . 1 1 . 1 1 . 4 Average Overweight (x) . | . . . . . . . . . . . Largest Inventory Capacity 10 | 5 10 10 10 10 10 10 10 10 10 5 Average Capacity 9 | 5 8 10 10 10 10 10 10 10 9 5 Most Carried 10 | 5 9 10 10 10 10 10 10 10 10 5 Average Carried 9 | 3 7 9 9 9 9 8 9 9 8 2 Final Capacity 10 | 5 10 10 10 10 10 10 10 10 5 5 Final Carried 10 | 5 9 10 10 10 10 10 9 10 4 4 Class Distribution -------------------- 29% | Mutant 16% | Hacker-Assassin 13% | Scout 12% | Hacker-Scout 8% | Scavenger-Scout 8% | Hacker-Mutant 3% | Sprinter 3% | Hacker-Sprinter Dominant Class ---------------- Mutant | -10/Materials Mutant | -9/Materials Mutant | -8/Materials Scout | -7/Factory Scout | -6/Factory Hacker-Scout | -5/Factory Hacker-Mutant | -4/Factory Hacker-Assassin | -3/Research Scavenger-Scout | -2/Research Hacker-Mutant | -1/Access Resources | -11 -10 -9 -8 -7 -6 -5 -4 -3 -2 -1 ----------- Run | Yrd Mat Mat Mat Fac Fac Fac Fac Res Res Acc Matter Collected 2025 | 250 28 240 165 122 228 187 101 392 282 30 Remotely . | . . . . . . . . . . . Salvage Created 3971 | . 168 765 792 143 229 465 83 631 650 45 Parts 246 | . 6 52 37 4 20 33 3 49 37 5 Haulers Intercepted 4 | . . 2 1 . . . . . 1 . Recyclers Shooed 2 | . 1 . . . . 1 . . . . Parts Field Recycled . | . . . . . . . . . . . Retrieved Matter . | . . . . . . . . . . . Parts Self-Destructed . | . . . . . . . . . . . Prevented . | . . . . . . . . . . . Kills | -11 -10 -9 -8 -7 -6 -5 -4 -3 -2 -1 ------- Run | Yrd Mat Mat Mat Fac Fac Fac Fac Res Res Acc Combat Hostiles Destroyed 71 | . 4 19 15 . 7 9 1 6 10 . Melee 26 | . . . . . 7 9 1 6 3 . Guns 26 | . 2 19 5 . . . . . . . Cannons 5 | . . . 5 . . . . . . . AOE 12 | . 2 . 3 . . . . . 7 . Classes Destroyed 16 | . 2 4 4 1 2 2 . . 1 . Worker 11 | . 1 . . 2 1 . . 4 1 2 Builder 3 | . . . . . . 1 . . 1 1 Tunneler 1 | . . . . . . . . . 1 . Hauler 4 | . . 2 1 . . . . . 1 . Recycler 4 | . . . . 1 . 1 . 1 1 . Mechanic 1 | . . . 1 . . . . . . . Operator 4 | . . 1 . . 1 1 . . 1 . Drone 1 | . . . . . 1 . . . . . Watcher 3 | . . . . . . 1 . 1 1 . Swarmer 27 | . . 9 . . 5 8 . . 5 . Grunt 21 | . 4 8 9 . . . . . . . Brawler 1 | . . . 1 . . . . . . . Duelist 1 | . . . 1 . . . . . . . Sentry 7 | . . 2 3 . . 1 1 . . . Hunter 2 | . . . 1 . . . . . 1 . Programmer 11 | . . . . . 1 . . 6 4 . Best Kill Streak 9 | . 3 6 7 2 4 4 1 5 9 1 Combat Bots Only 7 | . 3 6 7 . 4 4 1 3 7 . Max Kills in Single Turn 3 | . 1 2 3 1 1 1 1 2 3 1 Gunslinging . | . . . . . . . . . . . Exploded 3 | . 1 . 3 . . . . . 3 . Melee 2 | . . . . . 1 1 1 2 1 . Uniques/NPCs Destroyed . | . . . . . . . . . . . Combat | -11 -10 -9 -8 -7 -6 -5 -4 -3 -2 -1 -------- Run | Yrd Mat Mat Mat Fac Fac Fac Fac Res Res Acc Hostile Shots Fired 753 | . 20 107 53 7 51 95 10 72 214 124 Missed 276 | . 6 29 14 2 23 40 2 19 93 48 Hits 477 | . 14 78 39 5 28 55 8 53 121 76 Melee 3 | . . . 3 . . . . . . . Projectile 474 | . 14 78 36 5 28 55 8 53 121 76 AOE 1 | . . . . . . . . . . 1 Critical Strikes 16 | . 1 2 2 1 . . 1 1 6 2 Part Disruptions 6 | . . 1 . . . . 1 3 1 . Damage Taken 9058 | . 318 909 685 72 421 880 135 1244 2668 1726 Core 2877 | . 76 186 47 14 29 205 . 115 603 1602 Absorbed by Shields 22 | . . . . 3 . . . . 19 . Redirected to Shielding 103 | . . . . . . . . 60 43 . Core Remaining (%) 83 | 100 69 53 91 98 96 79 100 91 58 . Volleys Fired 126 | . 22 55 32 . . 1 . . 6 10 Largest 2 | . 2 2 2 . . 1 . . 1 1 Hottest 124 | . 80 123 124 . . 90 . . 39 94 Shots Fired 221 | . 36 106 62 . . 1 . . 6 10 Gun 189 | . 36 103 41 . . . . . . 9 Cannon 23 | . . 3 19 . . 1 . . . . Launcher 9 | . . . 2 . . . . . 6 1 Special . | . . . . . . . . . . . Kinetic 12 | . 12 . . . . . . . . . Thermal 117 | . . 58 49 . . 1 . . . 9 Explosive 9 | . . . 2 . . . . . 6 1 Electromagnetic 83 | . 24 48 11 . . . . . . . Robot Hit Streak 14 | . 4 10 14 . . . . . 6 3 Robot Miss Streak 7 | . 4 7 2 . . . . . 1 1 Penetration Max . | . . . . . . . . . . . Secondary Targets 3 | . . 3 . . . . . . . . Max Gunslinging Chain 1 | . . 1 . . . . . . . . Shots Hit Robots 231 | . 19 64 42 6 15 21 4 28 27 5 Core Hits 134 | . 8 32 30 2 9 12 2 12 24 3 Critical Kills 2 | . . . 1 . . . . . . 1 Critical Parts Destroyed 2 | . . . . . . . . . . 2 Critical Strikes 14 | . . 3 3 . 1 2 . 1 1 3 Burn 4 | . . 2 2 . . . . . . . Meltdown 1 | . . . 1 . . . . . . . Destroy 3 | . . . . . . . . . . 3 Corrupt 1 | . . 1 . . . . . . . . Sever 5 | . . . . . 1 2 . 1 1 . Melee Attacks 200 | . . . . 13 42 56 8 47 34 . Impact . | . . . . . . . . . . . Slashing 200 | . . . . 13 42 56 8 47 34 . Piercing . | . . . . . . . . . . . Sneak Attacks 19 | . . . . 3 3 4 1 4 4 . Combat Hostiles 3 | . . . . . 1 1 1 . . . Follow-up Attacks 10 | . . . . . . . . 5 5 . Damage Inflicted 9658 | . 366 1104 1195 329 741 1066 197 1634 2628 398 Guns 1968 | . 223 1083 512 . . . . . . 150 Cannons 247 | . . 21 226 . . . . . . . Explosions 1844 | . 143 . 457 . . . . . 1015 229 Melee 5577 | . . . . 329 741 1066 197 1634 1610 . Ramming 22 | . . . . . . . . . 3 19 Kinetic 56 | . 56 . . . . . . . . . Thermal 1568 | . 143 599 637 . . . . . . 189 Explosive 1557 | . . . 352 . . . . . 1015 190 Electromagnetic 878 | . 167 505 206 . . . . . . . Impact . | . . . . . . . . . . . Slashing 5577 | . . . . 329 741 1066 197 1634 1610 . Piercing . | . . . . . . . . . . . Highest Corruption 16 | . . 1 . . 1 . . 4 16 . Average Corruption 3 | . . 1 . . 1 . . 3 11 . Corruption Purged . | . . . . . . . . . . . Corruption Blocked . | . . . . . . . . . . . Effects 17 | . . . . . 4 . . 7 6 . Message Errors 4 | . . . . . 1 . . 3 . . Matter Fused 2 | . . . . . . . . 1 1 . Heat Flow Errors 2 | . . . . . . . . 2 . . Energy Discharges 1 | . . . . . 1 . . . . . Parts Rejected 2 | . . . . . . . . . 2 . Data Loss (minor) 4 | . . . . . 1 . . 1 2 . Data Loss (major) 1 | . . . . . 1 . . . . . Misdirections 1 | . . . . . . . . . 1 . Overload Shots . | . . . . . . . . . . . Overflow Damage 798 | . 72 . . 85 50 115 . 253 208 15 Projectiles . | . . . . . . . . . . . Explosions 90 | . 72 . . . . . . . 3 15 Melee 708 | . . . . 85 50 115 . 253 205 . Knockbacks . | . . . . . . . . . . . Impact . | . . . . . . . . . . . Kinetic . | . . . . . . . . . . . Secondary . | . . . . . . . . . . . Self-Inflicted Damage 212 | . 134 . 41 . . . . . 1 36 Shots 5 | . 3 . 1 . . . . . . 1 Rammed 6 | . . . . . . . . . 1 5 Targets Rammed 6 | . . . . . . . . . 1 5 Kicked . | . . . . . . . . . . . Crushed . | . . . . . . . . . . . Highest Temperature 467 | . 95 458 33 25 467 10 . 273 370 . Average Temperature 112 | . 30 163 11 11 64 7 . 153 186 . Received Heat Transfer 1836 | . 117 330 279 36 12 27 18 . 918 99 Effects 11 | . . 6 . . 5 . . . . . Shutdowns 2 | . . 1 . . 1 . . . . . Energy Bleed 1 | . . 1 . . . . . . . . Interference 5 | . . 2 . . 3 . . . . . Short Circuit 1 | . . 1 . . . . . . . . Damage (minor) 2 | . . 1 . . 1 . . . . . Siege Activations . | . . . . . . . . . . . Martial Activations . | . . . . . . . . . . . Shielding Activations . | . . . . . . . . . . . Robots Disrupted . | . . . . . . . . . . . Combat Hostiles . | . . . . . . . . . . . Robots Corrupted 1 | . . . 1 . . . . . . . Combat Hostiles 1 | . . . 1 . . . . . . . Parts Fried 1 | . . 1 . . . . . . . . Impact Corruptions . | . . . . . . . . . . . Robots Melted 1 | . . . 1 . . . . . . . Combat Hostiles 1 | . . . 1 . . . . . . . Parts Melted 4 | . . 1 2 . . . . 1 . . Heat Transferred 3175 | . 200 1295 1445 . . . . . . 235 Parts Sabotaged . | . . . . . . . . . . . Parts Stolen . | . . . . . . . . . . . Parts Stripped . | . . . . . . . . . . . Power Chain Reactions 3 | . 2 . 1 . . . . . . . Alert | -11 -10 -9 -8 -7 -6 -5 -4 -3 -2 -1 ------- Run | Yrd Mat Mat Mat Fac Fac Fac Fac Res Res Acc Maximum Alert Level 1 | . . 1 1 . . 1 . . . . Low Security (%) 91 | 100 100 62 71 100 100 95 100 100 100 100 Level 1 8 | . . 37 28 . . 4 . . . . Level 2 . | . . . . . . . . . . . Level 3 . | . . . . . . . . . . . Level 4 . | . . . . . . . . . . . Level 5 . | . . . . . . . . . . . High Security . | . . . . . . . . . . . Max Security . | . . . . . . . . . . . Peak Influence 323 | . 115 298 323 60 72 237 107 70 199 129 Initial 107 | . . 13 99 60 16 23 107 . 1 89 Average 56 | . 36 114 172 19 19 38 49 12 57 91 Influence Increases 3027 | . 180 534 440 87 275 555 96 215 492 153 Destroy 0b10 Robot/C 1400 | . 80 380 300 . 120 180 20 120 200 . Destroy 0b10 Robot/NC 160 | . 5 15 10 15 15 20 . 30 35 15 Destroy Leader 294 | . 10 64 82 . 30 22 10 32 44 . Successful Hack 107 | . . . . 22 . 19 . 21 21 24 Disable Machine 135 | . 30 15 30 . 15 15 15 . . 15 Destroy Structure 316 | . 40 . 18 5 20 44 6 12 102 69 Partial Spotted 75 | . . . . . . 30 45 . . . Lose Combat Pursuer 540 | . 15 60 . 45 75 225 . . 90 30 Influence Decreases 2935 | . 149 329 543 187 260 384 313 214 345 211 Entered New Map 447 | . . 18 137 73 17 25 112 2 2 61 Time Decay 1864 | . 119 251 246 114 233 249 181 208 173 90 Lost Part 464 | . 30 60 10 . 10 100 20 4 170 60 Lost Ally 10 | . . . . . . 10 . . . . Purge Threat 150 | . . . 150 . . . . . . . Squads Dispatched 19 | . . 2 2 . 3 3 1 3 4 1 Investigation 3 | . . . 1 . 1 . . 1 . . Extermination 6 | . . . . . 1 1 . 2 2 . Reinforcement 10 | . . 2 1 . 1 2 1 . 2 1 Assault . | . . . . . . . . . . . Garrison . | . . . . . . . . . . . Intercept . | . . . . . . . . . . . Searches Triggered . | . . . . . . . . . . . Construction Impeded . | . . . . . . . . . . . Haulers Reinforced . | . . . . . . . . . . . Active Scanning Responses . | . . . . . . . . . . . Cargo Convoy Interrupts . | . . . . . . . . . . . Stealth | -11 -10 -9 -8 -7 -6 -5 -4 -3 -2 -1 --------- Run | Yrd Mat Mat Mat Fac Fac Fac Fac Res Res Acc Distress Signals 12 | . 1 1 1 1 . 5 . . 1 2 Communications Jammed . | . . . . . . . . . . . Distress Signals . | . . . . . . . . . . . Times Spotted 192 | . 12 28 22 7 16 35 4 17 29 22 Peak Tracking Total 17 | . 4 10 6 4 4 15 2 9 9 17 Tactical Retreats 20 | . 1 3 . 2 3 6 . . 4 1 Traps | -11 -10 -9 -8 -7 -6 -5 -4 -3 -2 -1 ------- Run | Yrd Mat Mat Mat Fac Fac Fac Fac Res Res Acc Traps Triggered 9 | . . 1 1 4 . . 1 1 1 . Indirectly . | . . . . . . . . . . . Trap Hack Attempts . | . . . . . . . . . . . Triggered . | . . . . . . . . . . . Disarmed . | . . . . . . . . . . . Reprogrammed . | . . . . . . . . . . . Reused . | . . . . . . . . . . . Traps Extracted . | . . . . . . . . . . . Installed . | . . . . . . . . . . . Triggered . | . . . . . . . . . . . Machines | -11 -10 -9 -8 -7 -6 -5 -4 -3 -2 -1 ---------- Run | Yrd Mat Mat Mat Fac Fac Fac Fac Res Res Acc Machines Disabled 9 | . 2 1 2 . 1 1 1 . . 1 Max in Single Turn 2 | . 2 1 1 . 1 1 1 . . 1 Garrison Access 4 | . . . . . . . . 2 1 1 Energy Cycler 1 | . . . . . . . . . . 1 Machines Repaired . | . . . . . . . . . . . Machines Dismantled . | . . . . . . . . . . . Machines Sabotaged . | . . . . . . . . . . . Overloaded Fab Kills . | . . . . . . . . . . . Hacking | -11 -10 -9 -8 -7 -6 -5 -4 -3 -2 -1 --------- Run | Yrd Mat Mat Mat Fac Fac Fac Fac Res Res Acc Machines Accessed 31 | . 2 . 1 4 4 5 . 10 3 2 Terminals 23 | . 2 . 1 3 2 5 . 7 2 1 Fabricators . | . . . . . . . . . . . Repair Stations 2 | . . . . . 1 . . 1 . . Recycling Units . | . . . . . . . . . . . Scanalyzers . | . . . . . . . . . . . Garrison Access 6 | . . . . 1 1 . . 2 1 1 Total Hacks 86 | . 4 . 2 9 11 13 . 37 6 4 Successful 27 | . 1 . 2 5 1 5 . 9 2 2 Failed 59 | . 3 . . 4 10 8 . 28 4 2 Catastrophic 12 | . . . . 1 2 . . 8 1 . Database Lockouts . | . . . . . . . . . . . Manual 51 | . 4 . . 6 4 13 . 19 5 . Terminals 70 | . 4 . 2 8 4 13 . 31 5 3 Fabricators . | . . . . . . . . . . . Repair Stations 5 | . . . . . 4 . . 1 . . Recycling Units . | . . . . . . . . . . . Scanalyzers . | . . . . . . . . . . . Garrison Access 11 | . . . . 1 3 . . 5 1 1 Terminal Hacks 9 | . . . 2 2 . 1 . 3 . 1 Record 1 | . . . . . . . . 1 . . Level Access Points 4 | . . . . 1 . 1 . 1 . 1 Branch Access Points 1 | . . . . . . . . 1 . . Alert Level 2 | . . . 1 1 . . . . . . Unreport Threat 1 | . . . 1 . . . . . . . Fabricator Hacks . | . . . . . . . . . . . Repair Station Hacks 1 | . . . . . 1 . . . . . Scan Component 1 | . . . . . 1 . . . . . Recycling Unit Hacks . | . . . . . . . . . . . Scanalyzer . | . . . . . . . . . . . Garrison Access Hacks 4 | . . . . . . . . 2 1 1 Seal Access 4 | . . . . . . . . 2 1 1 Unauthorized Hacks 13 | . 1 . . 3 . 4 . 4 1 . Terminals 13 | . 1 . . 3 . 4 . 4 1 . Assimilate 1 | . . . . . . 1 . . . . Botnet 11 | . 1 . . 3 . 3 . 3 1 . Operators 1 | . . . . . . . . 1 . . Fabricators . | . . . . . . . . . . . Repair Stations . | . . . . . . . . . . . Recycling Units . | . . . . . . . . . . . Scanalyzers . | . . . . . . . . . . . Garrison Access . | . . . . . . . . . . . Data Cores Recovered . | . . . . . . . . . . . Used . | . . . . . . . . . . . Hacking Detections 26 | . 2 . 1 3 4 4 . 9 2 1 Full Trace Events 1 | . . . . . 1 . . . . . Feedback Events . | . . . . . . . . . . . Feedback Blocked . | . . . . . . . . . . . Robot Schematics Acquired . | . . . . . . . . . . . Robots Built . | . . . . . . . . . . . Authchips . | . . . . . . . . . . . Time . | . . . . . . . . . . . Total Robot Build Rating . | . . . . . . . . . . . Part Schematics Acquired . | . . . . . . . . . . . Parts Built . | . . . . . . . . . . . Authchips . | . . . . . . . . . . . Time . | . . . . . . . . . . . Total Part Build Rating . | . . . . . . . . . . . Parts Repaired . | . . . . . . . . . . . Time . | . . . . . . . . . . . Parts Recycled . | . . . . . . . . . . . Recycled Matter . | . . . . . . . . . . . Retrieved Matter . | . . . . . . . . . . . Retrieved Components . | . . . . . . . . . . . Parts Scanalyzed . | . . . . . . . . . . . Part Schematics Acquired . | . . . . . . . . . . . Parts Damaged . | . . . . . . . . . . . Bothacking | -11 -10 -9 -8 -7 -6 -5 -4 -3 -2 -1 ------------ Run | Yrd Mat Mat Mat Fac Fac Fac Fac Res Res Acc Used RIF Installer . | . . . . . . . . . . . Robots Hacked . | . . . . . . . . . . . Non-combat . | . . . . . . . . . . . Combat . | . . . . . . . . . . . Robot Hacks Applied . | . . . . . . . . . . . Relay Couplers Released . | . . . . . . . . . . . Fabnet Peak Effective % . | . . . . . . . . . . . Robots Rewired . | . . . . . . . . . . . Allies Hacked . | . . . . . . . . . . . Hacks Repelled . | . . . . . . . . . . . Allies | -11 -10 -9 -8 -7 -6 -5 -4 -3 -2 -1 -------- Run | Yrd Mat Mat Mat Fac Fac Fac Fac Res Res Acc Total Allies 1 | . . . . . . 1 . . . . Largest Group 1 | . . . . . . 1 . . . . Highest-Rated Group 9 | . . . . . . 9 . . . . Highest-Rated Ally 9 | . . . . . . 9 . . . . Total Orders . | . . . . . . . . . . . Ally Attacks . | . . . . . . . . . . . Total Damage . | . . . . . . . . . . . Kills . | . . . . . . . . . . . Allies Corrupted . | . . . . . . . . . . . Allies Melted . | . . . . . . . . . . . Intel | -11 -10 -9 -8 -7 -6 -5 -4 -3 -2 -1 ------- Run | Yrd Mat Mat Mat Fac Fac Fac Fac Res Res Acc Active Infowar (turns) 3916 | . . . 14 349 684 637 448 1201 447 136 Optics 3718 | . . . . 165 684 637 448 1201 447 136 Sensors 3080 | . . . 14 349 601 540 114 1107 316 39 Structural 2363 | . . . . . . 184 404 1201 447 127 Robot Analysis Total . | . . . . . . . . . . . Derelict Logs Recovered . | . . . . . . . . . . . Drone Launches . | . . . . . . . . . . . Drone Recoveries . | . . . . . . . . . . . Exploration | -11 -10 -9 -8 -7 -6 -5 -4 -3 -2 -1 ------------- Run | Yrd Mat Mat Mat Fac Fac Fac Fac Res Res Acc Turns Passed 5826 | 66 454 815 536 349 684 637 448 1201 447 189 Spaces Moved 6717 | 55 314 456 278 653 1157 1030 662 1100 775 237 Core 187 | 18 . . . . . . . . . 169 Treads 368 | . . 90 278 . . . . . . . Legs 717 | 37 314 366 . . . . . . . . Wheels 1016 | . . . . . . . 255 761 . . Hover 955 | . . . . . . . . 339 616 . Flight 3474 | . . . . 653 1157 1030 407 . 159 68 Fastest Speed 24 | 50 120 120 145 31 25 24 24 40 36 45 Average Speed 57 | 97 120 129 146 31 27 24 53 74 38 62 Slowest Speed 260 | 120 120 260 152 114 109 34 120 110 46 250 Overloaded Moves . | . . . . . . . . . . . Propulsion Burnouts . | . . . . . . . . . . . Robots Hopped 42 | . . . . 7 14 14 . . 7 . Potential Cave-ins . | . . . . . . . . . . . Cave-ins Triggered . | . . . . . . . . . . . Exploration Rate (%) 25 | 4 49 44 28 24 26 25 13 27 28 10 Regions Visited 10 Branch Regions . Pre-discovered Areas . | . . . . . . . . . . . Known Exits Taken 7 | . . . 1 1 1 1 1 1 1 . Unknown Exits Taken 3 | 1 1 1 . . . . . . . . Scrap Searched . | . . . . . . . . . . . Spaces Dug 61 | . . . . 5 20 22 3 6 5 . Terrain Destroyed 189 | . 46 . 21 5 20 22 3 6 45 21 Melee 60 | . . . . 5 20 21 3 6 5 . Projectile 1 | . . . . . . 1 . . . . AOE 128 | . 46 . 21 . . . . . 40 21 Terrain Rammed . | . . . . . . . . . . . Walls Destroyed . | . . . . . . . . . . . Machines Disabled . | . . . . . . . . . . . Actions | -11 -10 -9 -8 -7 -6 -5 -4 -3 -2 -1 --------- Run | Yrd Mat Mat Mat Fac Fac Fac Fac Res Res Acc Total 8161 | 65 357 578 350 776 1440 1306 737 1415 868 269 Wait 790 | . 6 25 5 44 220 198 40 224 20 8 Move 6626 | 54 313 455 277 638 1128 1003 661 1099 761 237 Hop 40 | . . . . 7 14 12 . . 7 . Pick Up 59 | 6 7 9 7 8 5 8 3 4 2 . Fast Attach 75 | 4 2 7 6 5 5 7 13 16 9 1 Attach 41 | 1 3 5 1 6 2 6 2 2 9 4 Detach 12 | . . . . 4 . 1 . . 3 4 Swap 71 | . 2 10 8 4 13 9 4 12 9 . Drop 93 | . 2 12 14 11 11 5 6 20 12 . Fire 126 | . 22 55 32 . . 1 . . 6 10 Melee 185 | . . . . 13 42 56 8 38 28 . Ram 5 | . . . . . . . . . . 5 Kick . | . . . . . . . . . . . Crush . | . . . . . . . . . . . Escape Stasis 38 | . . . . 36 . . . . 2 . Rewire . | . . . . . . . . . . . Trap . | . . . . . . . . . . . Miscellaneous . | . . . . . . . . . . . Route ------- -11/Scrapyard -10/Materials (discovered 2 exits: [*Mat x2]) -9/Materials (discovered 2 exits: *Mat / [*Min]) -8/Materials -7/Factory (discovered 4 exits: *Fac x4) -6/Factory (discovered 3 exits: *Fac / *Low x2) -5/Factory (discovered 5 exits: *Fac x4 / [*Upp]) -4/Factory -3/Research (discovered 6 exits: *Res x3 / Arm / Tes x2) -2/Research -1/Access (discovered 1 exit: Sur) History --------- Turn | Location | Event 7 | -11/Scrapyard | Discovered new exit (range 15) 67 | -11/Scrapyard | Entered Materials 313 | -10/Materials | Build established: Mutant 354 | -10/Materials | Discovered new exit (range 7) 363 | -10/Materials | Lost 3 parts (1p2w) 437 | -10/Materials | Discovered new exit (range 5) 521 | -10/Materials | Entered another Materials area 521 | -9/Materials | Evolved 2 slots: Propulsion x1, Utility x1 952 | -9/Materials | Discovered new exit (range 13) 1204 | -9/Materials | Lost 4 parts (2n1u1w) 1315 | -9/Materials | Discovered new exit (range 15) 1336 | -9/Materials | Entered another Materials area 1336 | -8/Materials | Evolved 2 slots: Propulsion x1, Utility x1 1724 | -8/Materials | Destroyed 7 combat bots 1811 | -8/Materials | Discovered new exit (range 16) 1869 | -8/Materials | Identified exit to Factory 1872 | -8/Materials | Entered Factory 1872 | -7/Factory | Evolved 2 slots: Utility x2 2179 | -7/Factory | Identified exit to Factory 2221 | -7/Factory | Entered another Factory area 2221 | -6/Factory | Evolved 2 slots: Power x1, Propulsion x1 2230 | -6/Factory | Discovered new exit (range 15) 2234 | -6/Factory | Identified exit to Lower Caves 2358 | -6/Factory | Build established: Scout 2882 | -6/Factory | Noticed a derelict Sapper rigging charges 2883 | -6/Factory | Discovered exit to Lower Caves (range 17) 2898 | -6/Factory | Discovered new exit (range 19) 2904 | -6/Factory | Identified exit to Factory 2905 | -6/Factory | Entered another Factory area 2905 | -5/Factory | Evolved 2 slots: Utility x2 3188 | -5/Factory | Build established: Hacker-Scout 3287 | -5/Factory | Lost 5 parts (1p2n2u) 3416 | -5/Factory | Spotted B-75 Beast 3427 | -5/Factory | Discovered new exit (range 10) 3448 | -5/Factory | Identified exit to Factory 3542 | -5/Factory | Entered another Factory area 3542 | -4/Factory | Evolved 2 slots: Propulsion x1, Utility x1 3563 | -4/Factory | Lost 5 parts (3n2u) 3907 | -4/Factory | Spotted B-86 Titan 3978 | -4/Factory | Discovered new exit (range 9) 3989 | -4/Factory | Identified exit to Research 3990 | -4/Factory | Entered Research 3990 | -3/Research | Evolved 2 slots: Propulsion x1, Utility x1 4007 | -3/Research | Identified exit to Armory 4007 | -3/Research | Identified exit to Testing 4081 | -3/Research | Found Prototype Processor 4081 | -3/Research | Identified Spectral Analyzer 4152 | -3/Research | Build established: Hacker-Assassin 5145 | -3/Research | Identified exit to Research 5169 | -3/Research | Build established: Scavenger-Scout 5191 | -3/Research | Entered another Research area 5191 | -2/Research | Evolved 2 slots: Utility x2 5576 | -2/Research | System corruption reached 10% 5599 | -2/Research | Spotted B-90 Cyclops 5601 | -2/Research | Destroyed 7 combat bots 5611 | -2/Research | Lost 11 parts (3p3n4u1w) 5614 | -2/Research | Spotted B-90 Cyclops 5625 | -2/Research | Discovered new exit (range 23) 5636 | -2/Research | Identified exit to Access 5638 | -2/Research | Entered Access 5638 | -1/Access | Evolved 2 slots: Utility x2 5662 | -1/Access | Energy Cycler disabled 5666 | -1/Access | Lost 4 parts (1p1n1u1w) 5787 | -1/Access | Core integrity fell below 50% 5802 | -1/Access | Identified exit to Surface 5825 | -1/Access | Spotted B-99 Colossus 5826 | -1/Access | Core integrity fell below 20% 5827 | -1/Access | Spotted B-99 Colossus 5827 | -1/Access | Destroyed by H-88 Terminator with Heavy Machine Gun Last Messages --------------- 05780_ Penetrated by Slug. 05786_ ALERT: Hostiles spotted, dispatching reinforcements to Terminal A005. 05794_ Destroyed Xenon Bombardment Thruster. 05794_ Hvy. Rocket Launcher destroyed. 05794_ Destroyed Hvy. Rocket Launcher. 05802_ Connecting with Terminal... >>Access(Main) Found 1 level access point to Surface: (244,99) Map updated. 05807_ Hacking Suite destroyed. 05808_ Slug penetrates Wall. 05808_ Slug penetrates O-32 Director. 05809_ K-01 Serf cleans the Terminal. 05825_ Wave Collapse Detector explodes. 05825_ A-15 Conveyor destroyed. 05825_ Penetrated by Slug. 05825_ Slug penetrates Wall. 05827_ Penetrated by Slug. Map ----- +----------------------------------------------------+ | ??????????????????????????????????# # ""#? | | ??????????????????????????????????# # ""#? | | ??????????????????????????????????# # ""#? | | ??????????????????????????????????# # T"#? | | ??????????????????????????????????# # ""#? | | ??????????????????????????????????# # ""#? | | ??????????????????????????????????# # ""#? | | ??????????????????????????????????# # ""#? | | ??????????????????????????????????# #= "## | | ???????????????????????????######## # / | | ???????????????????????????# # ## | | ???????????????????????????# # #? | | ???????????????????????????# # #? | | ?????????????#####+######### ######### #? | | ????????????? ]]] # #???????##########? | | ????????????# ]%] #?????????????????? | | ????????????? ]!! #?????????????????? | | ?????????????! = #?????????????????? | | ?????????????? #?????????????????? | | ?????????????? " % #?????????????????? | | ??????????????? """ #?????????????????? | | ????????????# """ #?????????????????? | | ????????????# " #?????????????????? | | ???????????????#### #?????????????????? | | ??????????????????### ;# ###"""###???????????????? | | ???????????????????# @ #?????????? | | ???????????????????# h h #?????????? | | ???????????????????#BB BB#?????????? | | ???????????????????#BB #####"""##### BB#?????????? | | ???????????????????####??????????????????????????? | | ?????????????????????????????????????????????????? | | ?????????????????????????????????????????????????? | | ?????????????????????????????????????????????????? | | ?????????????????????????????????????????????????? | | ?????????????????????????????????????????????????? | | ?????????????????????????????????????????????????? | | ?????????????????????????????????????????????????? | | ?????????????????????????????????????????????????? | | ?????????????????????????????????????????????????? | | ?????????????????????????????????????????????????? | | ?????????????????????????????????????????????????? | | ?????????????????????????????????????????????????? | | ?????????????????????????????????????????????????? | | ?????????????????????????????????????????????????? | | ?????????????????????????????????????????????????? | | ?????????????????????????????????????????????????? | | ?????????????????????????????????????????????????? | | ?????????????????????????????????????????????????? | | ?????????????????????????????????????????????????? | | ?????????????????????????????????????????????????? | +----------------------------------------------------+ Best States ------------- Heat Dissipation 87 Energy Generation 39 Energy Capacity 420 Matter Stores 300 Matter Capacity 300 Sight Range 24 Robot Scan Range 18 Terrain Scan Density 10 Corruption Containment 8 Armor Coverage 150 Weapon Shielding 66 Evasion (%) 75 Targeting Accuracy 5 Melee Accuracy 6 Core Analysis 6 Armor Integrity Analysis 30 Recoil Reduction 2 Offensive Hacking 10 Defensive Hacking 36 Item Schematics ----------------- None Robot Schematics ------------------ None Fabricated ------------ Nothing Repaired ---------- Nothing Alien Tech Used ----------------- None Achievements -------------- None Challenges ------------ None Game ------ Seed HugePotentialBoregun Manual? 0 Play Time 01:59:11 Cumulative 157.2 hours Start 2025.05.15 @ 18:29:18 End 2025.05.15 @ 20:56:06 Sessions 3 Manual Loads 0 Difficulty Rogue Special Mode None Game No. 81 Rogue 71 Adventurer 5 Explorer 5 Win Type - Total 9 Types 7/0/1/1/0/0/0/0/0/0 Lore% 43 Gallery% 59 Achievement% 54 Wizard Run 0 Options --------- Layout 2 ASCII 0 Keyboard 0 Movement Mouse Keybinds 1 Fullscreen 1 Font 20/Terminus Map View 50x44 Zoom Use 0% Tactical HUD 1 Map Filters NONE Filters SATURATION(60) Steam 1 RUN: f7fc293c-01d6-404a-a609-b3ac58b8385a